 Dungeon Crawl Stone Soup version 0.28-a0-1199-gef9e1dbd39 (webtiles) character file.

Game seed: 13586998231195051704

3 freelancePsychic the Firebug (level 1, -3/13 HPs)
             Began as a Demonspawn Fire Elementalist on Dec 20, 2021.
             Frozen to death by an endoplasm (4 damage)
             ... on level 1 of the Dungeon.
             The game lasted 00:01:03 (193 turns).

freelancePsychic the Firebug (DsFE)                  Turns: 193, Time: 00:01:04

Health: -3/13      AC:  2    Str:  8    XL:     1   Next: 41%
Magic:  1/3        EV: 12    Int: 16    God:
Gold:   26         SH:  0    Dex: 13    Spells: 3/4 levels left

rFire   . . .      SeeInvis .   (no weapon)
rCold   . . .      Faith    .   (no shield)
rNeg    . . .      Spirit   .   a - +0 robe
rPois   .          Reflect  .   (no helmet)
rElec   .          Harm     .   (no cloak)
rCorr   .          Rampage  .   (no gloves)
Will    .....                   (no boots)
Stlth   ++........              (no amulet)
HPRegen 0.04/turn               (no ring)
MPRegen 0.08/turn               (no ring)

@: no status effects
A: no striking features
a: no special abilities


You were on level 1 of the Dungeon.
You visited 1 branch of the dungeon, and saw 1 of its levels.

You collected 26 gold pieces.

Inventory:

Armour
 a - a +0 robe (worn)


   Skills:
 - Level 1.7 Dodging
 - Level 1.7 Stealth
 + Level 2.0 Spellcasting
 + Level 1.1 Conjurations
 + Level 2.7 Fire Magic


You had 3 spell levels left.
You knew the following spells:

 Your Spells              Type           Power      Damage    Failure   Level
a - Foxfire               Conj/Fire      32%        2x1d5     9%          1

Your spell library contained the following spells:

 Spells                   Type           Power      Damage    Failure   Level
 Scorch                   Fire           20%        2d6       10%         2
 Sandblast                Erth           2%         2d4       21%         1
 Conjure Flame            Conj/Fire      8%         6-21      26%         3
 Passwall                 Tmut/Erth      0%         N/A       30%         2
 Inner Flame              Hex/Fire       6%         N/A       34%         3
 Stone Arrow              Conj/Erth      6%         3d7       43%         3
 Flame Wave               Conj/Fire      8%         2d4       65%         4


Dungeon Overview and Level Annotations

Branches:
Dungeon (1/15)

Altars:


Message History

The jackal bites you but does no damage.
The jackal closely misses you.
An endoplasm comes into view.
You see here a puce potion.
It was a potion of curing.
You feel better. The jackal barely misses you. The jackal bites you.
You aren't carrying any potions.
Casting: Foxfire (safe; 9% risk of failure)
Confirm with . or Enter, or press ? or * to list all spells.
You conjure some foxfire!
The jackal barely misses you.
The jackal bites you but does no damage.
You hit the jackal.
The jackal is moderately wounded.
The jackal bites you but does no damage.
The jackal closely misses you. The jackal closely misses you.
The jackal bites you. x2
The jackal bites you but does no damage.
The jackal bites you. The jackal barely misses you.
The endoplasm quivers.
You hit the endoplasm.
The endoplasm is moderately wounded.
The jackal bites you. The endoplasm barely misses you.
The jackal bites you but does no damage.
You hit the endoplasm.
The endoplasm is heavily wounded.
The endoplasm hits you.
The jackal bites you but does no damage.
You hit the endoplasm.
The endoplasm is heavily wounded.
The jackal barely misses you. The endoplasm hits you.
* * * LOW HITPOINT WARNING * * *
The jackal bites you.
* * * LOW HITPOINT WARNING * * *
You barely miss the endoplasm.
The endoplasm is heavily wounded.
The endoplasm freezes you.
You are frozen.
You die...

................
#.#.#............... #.#.#
#..$†....... #.#.#
#..#.##..... #.#.#
#..#........ #.#.#.
#..#.##.####
#.#.#..###......##
#.#J#....#.......#
####.#@##...........#
#....#h#....#.......#
##########.†..#r######.#†....#
#.............#........#.....#
#.###########.##########.#####
#.# #............# #.#
############># #.# #.# #.####
...


You could see an endoplasm, a jackal and a rat.

Vanquished Creatures
  A quokka (D:1)
  2 frilled lizards (D:1)
  A rat (D:1)
4 creatures vanquished.

Vanquished Creatures (others)
  15 foxfires (D:1)
15 creatures vanquished.

Grand Total: 19 creatures vanquished

Notes
Turn   | Place    | Note
-------+----------+-------------------------------------------
     0 | D:1      | freelancePsychic the Demonspawn Fire Elementalist began the
                  | quest for the Orb.
     0 | D:1      | Reached XP level 1. HP: 13/13 MP: 3/3
   193 | D:1      | Frozen to death by an endoplasm

Illustrated notes

Levels and vault maps discovered:
D:1:      lightli_arrival_noodles, layout_basic,
          dreamdust_ecumenical_altar_grove

Action                   || total
-------------------------++-------
Melee: Unarmed           ||     5
 Cast: Foxfire           ||    10
  Use: Potion            ||     1
Armor: Robe              ||     7
Dodge: Dodged            ||    10

Table legend: (Time is in decaauts)
 A = Elapsed time spent in this place.
 B = Non-inter-level travel time spent in this place.
 C = Inter-level travel time spent in this place.
 D = Time resting spent in this place.
 E = Time spent auto-exploring this place.
 F = Levels seen in this place.
 G = Mean time per level.
                   A        B        C        D        E       F      G
               +--------+--------+--------+--------+--------+-----+--------+
         Total |    193 |    193 |      0 |      0 |    133 |   1 |  193.0 |
       Dungeon |    193 |    193 |      0 |      0 |    133 |   1 |  193.0 |
               +--------+--------+--------+--------+--------+-----+--------+

Top non-repeatable levels by time:
     D:1: 193 daAuts
